 Dungeon Crawl Stone Soup version 0.29.0-3-gbb0933ed62 (webtiles) character file.

Game seed: 10279995065089528087

3519 stipulation the Transmogrifier (level 9, -2/88 HPs)
             Began as a Grey Draconian Transmuter on Aug 26, 2022.
             Was a Believer of Wu Jian.
             Slain by a troll (9 damage)
             ... on level 8 of the Dungeon.
             The game lasted 00:35:48 (11345 turns).

stipulation the Transmogrifier (DrTm)              Turns: 11345, Time: 00:35:48

Health: -2/88      AC:  7    Str: 18    XL:     9   Next: 81%
Magic:  14/15      EV: 10    Int: 13    God:    Wu Jian [**....]
Gold:   324        SH:  0    Dex: 11    Spells: 9/16 levels left

rFire   . . .      SeeInvis .     - Unarmed
rCold   + + +      Faith    .   (shield currently unavailable)
rNeg    . . .      Spirit   .   (body armour unavailable)
rPois   +          Reflect  .   (helmet currently unavailable)
rElec   .          Harm     .   (cloak currently unavailable)
rCorr   .          Rampage  .   (gloves currently unavailable)
Will    .....                   (boots currently unavailable)
Stlth   ++........              (no amulet)
HPRegen 0.24/turn               p - ring of protection from fire
MPRegen 0.14/turn               (no ring)

@: about to teleport, ice-form (expiring)
A: freezing attack, boosted hp, AC +12, amphibious, large, unfitting armour,
(cold-blooded)
a: End Transformation, Renounce Religion, Wall Jump


You were on level 8 of the Dungeon.
You worshipped Wu Jian.
Wu Jian was pleased with you.
You were a creature of crystalline ice.
You visited 2 branches of the dungeon, and saw 10 of its levels.

You collected 548 gold pieces.
You spent 224 gold pieces at shops.

Inventory:

Missiles
 s - 4 silver boomerangs
Armour
 b - a +2 pair of boots (melded)
 g - a +1 helmet
 E - a +1 pair of gloves
Jewellery
 p - a ring of protection from fire (left front paw)
Wands
 q - a wand of mindburst (12)
 u - a wand of digging (4)
 A - a wand of charming (16)
 B - a wand of polymorph (5)
 C - a wand of iceblast (10)
 D - a wand of flame (41)
Scrolls
 d - 2 scrolls of torment {unknown}
 f - 3 scrolls of teleportation
 h - 4 scrolls of poison
 j - a scroll of brand weapon {unknown}
 l - 6 scrolls of identify {unknown}
 n - 3 scrolls of enchant armour
 o - 2 scrolls of immolation {unknown}
 t - 2 scrolls of noise {unknown}
 v - 2 scrolls of enchant weapon {unknown}
 y - a scroll of fog {unknown}
 F - a scroll of fear {unknown}
Potions
 a - 4 potions of lignification
 c - 6 potions of curing
 e - a potion of degeneration {unknown}
 i - 2 potions of might {unknown}
 m - a potion of ambrosia {unknown}
 r - 2 potions of flight {unknown}
 w - 2 potions of mutation {unknown}
 x - a potion of haste {unknown}
 z - a potion of cancellation {unknown}


   Skills:
 - Level 5.0 Fighting
 - Level 2.0 Dodging
 - Level 4.0 Stealth
 - Level 0.3 Shields
 + Level 7.4 Unarmed Combat
 - Level 4.0 Spellcasting
 - Level 8.0 Transmutations
 - Level 6.0 Ice Magic


You had 9 spell levels left.
You knew the following spells:

 Your Spells              Type           Power      Damage    Failure   Level
a - Beastly Appendage     Tmut           46%        N/A       1%          1
b - Wereblood             Tmut           23%        N/A       1%          2
c - Ice Form              Ice/Tmut       20%        N/A       12%         4

Your spell library contained the following spells:

 Spells                   Type           Power      Damage    Failure   Level
 Ensorcelled Hibernation  Hex/Ice        20%        N/A       9%          2
 Spider Form              Tmut/Pois      13%        N/A       12%         3
 Blade Hands              Tmut           11%        N/A       22%         5
 Scorch                   Fire           4%         2d5       30%         2
 Anguish                  Hex/Necr       1%         N/A       90%         4
 Flame Wave               Conj/Fire      2%         2d4       90%         4
 Iskenderun's Battlesphe  Conj           2%         2d6       99%         5
 Iron Shot                Conj/Erth      1%         9d1       100%        6
 Summon Cactus Giant      Summ           1%         N/A       100%        6
 Spellforged Servitor     Conj/Summ      1%         N/A       100%        7
 Animate Armour           Summ/Erth      Unusable   N/A       N/A         4

Dungeon Overview and Level Annotations

Branches:
Dungeon (9/15)             Temple (1/1) D:4
   Lair: D:8-11         Orc: D:9-12

Altars:
Ashenzari
Dithmenos
Elyvilon
Fedhas
Gozag
Makhleb
Nemelex Xobeh
Qazlal
Sif Muna
Trog
Uskayaw
Vehumet
Wu Jian
Xom
Yredelemnul
Zin
The Shining One

Shops:
D:1 [=(!   D:5 *

Annotations:
D:3 Grinder
D:7 3 runed translucent doors, bakla's ghost, novice DsBe


Innate Abilities, Weirdness & Mutations

You are a creature of crystalline ice.
You have a powerful freezing melee attack.
Your maximum health is increased.
Your armour is entirely melded.
You are incapable of wielding weapons or throwing items.
((Your dull iron-grey scales are very hard. (AC +12)))
You are amphibious.
You cannot fit into any form of body armour.
((You are cold-blooded and may be slowed by cold attacks.))


Message History

The gnoll hits you from afar with a +0 halberd!
The gnoll sergeant hits you with a +4 spear of freezing!
The gnoll sergeant freezes you.
You are too injured to fight recklessly!
You are too injured to fight recklessly!
You are too injured to fight recklessly!
You are too injured to fight recklessly!
You hit the gnoll sergeant but do no damage.
The gnoll sergeant is lightly wounded.
The gnoll hits you from afar with a +0 halberd!
* * * LOW HITPOINT WARNING * * *
Okay, then.
The gnoll sergeant attacks as you move away!
The gnoll sergeant barely misses you.
The gnoll sergeant hits you but does no damage.
A two-headed ogre comes into view.
It is wielding a +0 giant club and a +0 giant spiked club.
You howl as the wereblood boils in your veins!
You howl as the wereblood boils in your veins!
Your primal bloodlust is almost over.
Your primal bloodlust has ended.
There is a stone staircase leading up here.
You climb upwards.
The troll barely misses you.
The troll claws you but does no damage. x2
There is a stone staircase leading down here.
A troll is nearby!
As you read the scroll of teleportation, it crumbles to dust.
You feel strangely unstable. The troll bites you!
* * * LOW HITPOINT WARNING * * *
The troll barely misses you. The troll claws you.
* * * LOW HITPOINT WARNING * * *
Okay, then.
Okay, then.
You spin and attack the troll.
You barely miss the troll.
Your transformation is almost over.
The troll bites you!
* * * LOW HITPOINT WARNING * * *
The troll claws you but does no damage. The troll barely misses you.
The troll attacks as you move away! The troll bites you but does no damage.
The troll claws you!
You die...

#...# #.#.#
#########.#.#############
........................#
#########.#.#############
# #.#.# ## #.#.# .#
#.#.#######
.########.#.....Y.##
.................T>#
.########.#..####..# .#
### #.#..#.....# .# #.#
#.#..#.##..# .# #.#
#....#.##..#
.####.#####.##.##..#
............##.##..#
...#..#####.##.##..#


You could see a troll.

Vanquished Creatures
  A wyvern (D:7)
  A steam dragon (D:9)
  A water moccasin (D:7)
  3 ice beasts
  3 black bears
  An orc warrior (D:8)
  4 centaurs
  4 phantoms
  3 kobold brigands
  A necrophage (D:5)
  4 bullfrogs
  3 scorpions
  5 wights
  2 hounds
  2 jellies (D:6)
  5 orc priests
  A gnoll bouda (D:6)
  An iguana (D:6)
  Terence (D:2)
  Ijyb (D:6)
  9 orc wizards
  5 gnolls
  7 adders
  2 shadow imps
  2 white imps
  2 ufetubi (D:6)
  2 worms
  5 dart slugs
  39 orcs
  7 endoplasms
  4 giant cockroaches
  6 hobgoblins
  7 jackals
  6 quokkas
  5 ball pythons
  4 bats
  A frilled lizard (D:2)
  8 goblins
  27 kobolds
  2 rats (D:2)
197 creatures vanquished.

Vanquished Creatures (others)
  An orc wizard (D:7)
1 creature vanquished.

Grand Total: 198 creatures vanquished

Notes
Turn   | Place    | Note
-------+----------+-------------------------------------------
     0 | D:1      | stipulation the Draconian Transmuter began the quest for
                  | the Orb.
     0 | D:1      | Reached XP level 1. HP: 16/16 MP: 3/3
    12 | D:1      | Found Poashig's Jewellery Shoppe.
   365 | D:1      | Found Carghodua's Antique Weapon Shop.
   478 | D:1      | Found Votos's Antique Armour Shop.
   576 | D:1      | Reached XP level 2. HP: 20/24 MP: 3/5
   654 | D:1      | Reached skill level 1 in Stealth
   839 | D:1      | Found a faded altar of an unknown god.
  1017 | D:1      | Found Heneujy's Distillery.
  1022 | D:1      | Bought a potion of heal wounds for 55 gold pieces
  1022 | D:1      | Bought a potion of curing for 33 gold pieces
  1189 | D:1      | Learned a level 2 spell: Wereblood
  1243 | D:2      | Reached XP level 3. HP: 29/29 MP: 4/6
  1398 | D:2      | Noticed Terence
  2397 | D:2      | Reached XP level 4. HP: 37/37 MP: 5/7
  2575 | D:2      | Killed Terence
  3153 | D:3      | Noticed Grinder
  3493 | D:3      | Found a shadowy altar of Dithmenos.
  3743 | D:3      | Reached XP level 5. HP: 24/45 MP: 8/8
  4342 | D:4      | Reached XP level 6. HP: 38/51 MP: 7/9
  4455 | D:4      | Found a staircase to the Ecumenical Temple.
  4761 | Temple   | Entered the Ecumenical Temple
  4761 | Temple   | Found a transporter.
  4761 | Temple   | Found a transporter.
  4763 | Temple   | Found a transporter.
  4763 | Temple   | Found a transporter.
  4785 | Temple   | Became a worshipper of the Wu Jian Council
  4833 | D:5      | Entered Level 5 of the Dungeon
  4967 | D:5      | Reached skill level 5 in Unarmed Combat
  4967 | D:5      | Noticed an orc warrior
  5075 | D:5      | Reached skill level 3 in Transmutations
  5083 | D:5      | Found Hyiryxen's General Store.
  5132 | D:5      | Bought a scroll of enchant armour for 97 gold pieces
  5132 | D:5      | Bought a scroll of teleportation for 39 gold pieces
  5152 | D:5      | Noticed Ijyb
  5208 | D:6      | Killed Ijyb
  5364 | D:6      | Found a shimmering altar of Xom.
  5436 | D:6      | Reached skill level 4 in Transmutations
  5436 | D:6      | Your scales start taking on a dull iron-grey colour.
  5436 | D:6      | Reached XP level 7. HP: 34/57 MP: 8/10
  5641 | D:6      | Reached skill level 5 in Transmutations
  5646 | D:6      | Learned a level 4 spell: Ice Form
  5676 | D:6      | Reached skill level 1 in Ice Magic
  6155 | D:6      | Reached * piety under Wu Jian
  6255 | D:5      | Reached XP level 8. HP: 63/63 MP: 10/12
  7628 | D:6      | Reached skill level 5 in Fighting
  7628 | D:6      | Reached skill level 6 in Transmutations
  8295 | D:5      | Reached skill level 7 in Transmutations
  8769 | D:7      | Reached XP level 9. HP: 43/56 MP: 13/15
  9140 | D:7      | Reached skill level 8 in Transmutations
  9152 | D:7      | Reached skill level 5 in Ice Magic
  9410 | D:7      | Found a runed translucent gate.
  9411 | D:7      | Found a runed translucent gate.
  9413 | D:7      | Found a runed translucent gate.
  9414 | D:7      | Noticed bakla's ghost (novice DsBe)
  9414 | D:7      | Noticed a spectral unseen horror
  9540 | D:7      | Reached ** piety under Wu Jian
 10863 | D:9      | Noticed a troll
 11318 | D:9      | Noticed a two-headed ogre
 11345 | D:8      | Slain by a troll

Illustrated notes

Levels and vault maps discovered:
D:1:      tarquinn_simple_flora_water_c, layout_basic,
          ebering_ecumenical_altar_hall, serial_shops, shop,
          nicolae_shop_behind_doors, shop, shop, minmay_hexomino_f4
D:2:      layout_basic, uniq_terence
D:3:      layout_loops_ring, nicolae_dithmenos_through_a_glass_darkly,
          serial_forest, infiniplex_forest_lined_2,
          infiniplex_forest_clump_small, infiniplex_forest_corner_1,
          infiniplex_forest_corner_1, infiniplex_forest_lined_corner,
          infiniplex_forest_fountain, uniq_grinder
D:4:      layout_basic, minmay_temple_entry_arrows
D:5:      layout_basic, serial_shops, shop, uniq_ijyb
D:6:      layout_cave_pods, mainiacjoe_overflow_cross_hatched
D:7:      layout_rooms, gammafunk_ghost_necromancy
D:8:      layout_basic, nicolae_straight_to_the_point
D:9:      layout_basic, minmay_quadrilaterals, uniq_joseph
Temple:   hellmonk_temple_divided_pantheon

Skill      XL: |  1  2  3  4  5  6  7  8  9 |
---------------+----------------------------+-----
Dodging        | 2 |  2.0
Stealth        | 1 2 4 |  4.0
Fighting       | 2 3 5 |  5.0
Unarmed Combat | 4 5 7 |  7.4
Transmutations | 4 5 7 8 |  8.0
Ice Magic      | 3 4 6 |  6.0
Spellcasting   | 3 4 |  4.0
Shields        | |  0.3

Action                   |  1- 3 |  4- 6 |  7- 9 || total
-------------------------+-------+-------+-------++-------
Melee: Unarmed           |   137 |   194 |   385 ||   716
       Kick              |    22 |    38 |   103 ||   163
       Tailslap          |    11 |    26 |    47 ||    84
       Headbutt          |     8 |    22 |    75 ||   105
       Punch             |     4 |     8 |    10 ||    22
 Cast: Beastly Appendage |    31 |    38 |    47 ||   116
       Wereblood         |     2 |     6 |    11 ||    19
       Ice Form          |       |       |     4 ||     4
Invok: Lunge             |       |     4 |    17 ||    21
       Whirlwind         |       |       |     6 ||     6
  Use: Potion            |       |     7 |     2 ||     9
       Scroll            |       |       |     3 ||     3
 Stab: Sleeping          |     1 |     2 |     3 ||     6
Armor: Skin              |    51 |   113 |   206 ||   370
Dodge: Dodged            |    99 |   131 |   287 ||   517
